 Dungeon Sprint DCSS version 0.17.1-3-g152610e (webtiles) character file.

3509 Kokonut the Unseen (level 9, -16/39 HPs)
             Began as a Spriggan Enchanter on Mar 5, 2016.
             Was a Believer of Dithmenos.
             Demolished by a trapdoor spider (20 damage)
             ... in the Dungeon (Sprint I: "Red Sonja").
             The game lasted 00:03:12 (433 turns).

Kokonut the Unseen (Spriggan Enchanter)              Turns: 433, Time: 00:03:13

Health: -16/39     AC:  3    Str:  4    XL:     9   Next: 81%
Magic:  16/28      EV: 25    Int: 19    God:    Dithmenos [**....]
Gold:   807        SH:  0    Dex: 17    Spells: 4 memorised, 27 levels left

rFire  . . .     SeeInvis +     a - +1 dagger
rCold  . . .     Clarity  .     b - +1 robe
rNeg   . . .     SustAt   .     (shield restricted)
rPois  .         Gourm    .     (helmet restricted)
rElec  .         Spirit   .     (no cloak)
rCorr  .         Warding  .     (gloves unavailable)
rMut   .         NoTele   +     (boots unavailable)
MR     +....                    (no amulet)
Stlth  +++++++++.               (no ring)
                                (no ring)

@: lethally poisoned (-16 -> -39), wreathed by umbra, very quick, somewhat
resistant to hostile enchantments, incredibly stealthy
A: unfitting armour, see invisible, herbivore 3, speed 3, slow metabolism 2
a: Shadow Step, Renounce Religion


You were in the Dungeon.
You worshipped Dithmenos.
Dithmenos was pleased with you.
You were not hungry.

You visited 1 branch You collected 807 gold pieces.

Inventory:

Hand Weapons
 a - a +1 dagger (weapon)
Armour
 b - a +1 robe (worn)
Wands
 k - a wand of fireball (11)
 o - a wand of teleportation (3)
Scrolls
 j - a scroll of blinking
 n - a scroll of identify {unknown}
 p - a scroll of torment {unknown}
Potions
 e - a potion of curing
 f - a potion of heal wounds
 g - a potion of haste
 h - 2 potions of magic
 i - a potion of berserk rage
 l - a potion of lignification {unknown}
 m - a potion of might {unknown}
Books
 c - a book of Maledictions

   Spells                             Type                      Level
   a - Corona                         Hexes                        1
   b - Ensorcelled Hibernation        Hexes/Ice                    2
   c - Confuse                        Hexes                        3
   d - Tukima's Dance                 Hexes                        3
   e - Dazzling Spray                 Conjuration/Hexes            3
Comestibles
 d - a bread ration


   Skills:
 - Level 1.1 Short Blades
 + Level 9.1 Dodging
 + Level 17.7 Stealth
 + Level 14.4 Spellcasting
 + Level 16.0 Hexes


You had 27 spell levels left.
You knew the following spells:

 Your Spells              Type           Power        Failure   Level  Hunger
a - Corona                Hex            ######.      0%          1    None
b - Ensorcelled Hibernat  Hex/Ice        #####.       1%          2    None
c - Confuse               Hex            ######..     1%          3    None
d - Dazzling Spray        Conj/Hex       #####...     1%          3    None


Dungeon Overview and Level Annotations

Branches:
Dungeon (1/1)

Altars:
Cheibriados
Dithmenos
Elyvilon
Fedhas
Gozag
Kikubaaqudgha
Makhleb
Nemelex Xobeh
Okawaru
Qazlal
Ru
Sif Muna
Trog
Vehumet
Xom
Yredelemnul
Zin
The Shining One
Jiyva

Shops:
D !?[


Innate Abilities, Weirdness & Mutations

You are tiny and cannot use many weapons and most armour.
You have supernaturally acute eyesight.
You are a herbivore.
You cover ground extremely quickly.
You need consume almost no food.


Message History

Aiming: Ensorcelled Hibernation
Press: ? - help, Shift-Dir - straight line, f/p - trapdoor spider
Aim: a trapdoor spider (clinging, umbra, chance to defeat MR: 69%)
The trapdoor spider is unaffected.
The trapdoor spider bites you.
You are lethally poisoned!
The trapdoor spider poisons you! The trapdoor spider bites you!
* * * LOW HITPOINT WARNING * * *
Casting: Ensorcelled Hibernation
Confirm with . or Enter, or press ? or * to list all spells.
Aiming: Confuse
Press: ? - help, Shift-Dir - straight line, f/p - trapdoor spider
Aim: a trapdoor spider (clinging, umbra, chance to defeat MR: 78%)
The trapdoor spider barely resists.
A trapdoor spider leaps out from its hiding place under the floor!
You hear an angry hiss.
* * * LOW HITPOINT WARNING * * *
You feel very sick. The trapdoor spider bites you!!
Ouch! That really hurt!
You die...

'..#..'..'..#
#####'#__####
#...#(####.)####
#..##.#§§§§§#..#
##'#..+≈§§§§§..#
†'.(._#§≈§.§#..#
##_.#'##(#####'###
###'#.#.[§.###.'.#
###.####'###)###@#
.'...'..†..'.∩##s#
##.).###########§#
##.## #§# #+# +$#
#§# #§#


You could see a trapdoor spider.

Vanquished Creatures
  2 centaur warriors (D)
  Sonja (D)
  A deep troll (D)
  An oklob plant (D)
  A slime creature (D)
  Sigmund (D)
  A yak (D)
  A wasp (D)
  An ogre (D)
  A jelly (D)
  Ijyb (D)
12 creatures vanquished.

Notes
Turn   | Place    | Note
--------------------------------------------------------------
     0 | D        | Kokonut the Spriggan Enchanter began the quest for the Orb.
     0 | D        | Reached XP level 1. HP: 9/9 MP: 5/5
     1 | D        | Noticed Ijyb
     8 | D        | Killed Ijyb
     8 | D        | Reached skill level 7 in Stealth
     8 | D        | Reached XP level 2. HP: 13/13 MP: 6/6
    14 | D        | Learned a level 2 spell: Ensorcelled Hibernation
    14 | D        | Noticed an ogre
    17 | D        | Killed an ogre
    17 | D        | Reached skill level 9 in Stealth
    17 | D        | Reached XP level 3. HP: 16/16 MP: 8/8
    17 | D        | Reached XP level 4. HP: 21/21 MP: 9/9
    28 | D        | Noticed Sigmund
    31 | D        | Killed Sigmund
    31 | D        | Reached skill level 11 in Stealth
    31 | D        | Reached skill level 12 in Hexes
    31 | D        | Reached XP level 5. HP: 24/24 MP: 10/10
    31 | D        | Reached XP level 6. HP: 28/28 MP: 11/11
    44 | D        | Found a deep blue altar of Sif Muna.
    46 | D        | Found a snail-covered altar of Cheibriados.
    46 | D        | Found a viscous altar of Jiyva.
    46 | D        | Found a shadowy altar of Dithmenos.
    46 | D        | Found a blossoming altar of Fedhas.
    46 | D        | Noticed a slime creature
    53 | D        | Killed a slime creature
    53 | D        | Reached skill level 13 in Stealth
    55 | D        | Became a worshipper of Dithmenos the Shadowed
    71 | D        | Noticed a jelly
    73 | D        | Found a radiant altar of Vehumet.
    77 | D        | Killed a jelly
    77 | D        | Reached XP level 7. HP: 22/32 MP: 12/19
   138 | D        | Found Lataoc's Magic Scroll Emporium.
   138 | D        | Found a white marble altar of Elyvilon.
   138 | D        | Found a burning altar of Makhleb.
   138 | D        | Found a sacrificial altar of Ru.
   138 | D        | Found a glowing golden altar of the Shining One.
   138 | D        | Found an opulent altar of Gozag.
   138 | D        | Found a glowing silver altar of Zin.
   138 | D        | Noticed a yak
   139 | D        | Found a stormy altar of Qazlal.
   139 | D        | Found a basalt altar of Yredelemnul.
   139 | D        | Found an iron altar of Okawaru.
   139 | D        | Found a sparkling altar of Nemelex Xobeh.
   139 | D        | Found a shimmering altar of Xom.
   139 | D        | Found an ancient bone altar of Kikubaaqudgha.
   140 | D        | Killed a yak
   141 | D        | Found a bloodstained altar of Trog.
   156 | D        | Learned a level 3 spell: Confuse
   160 | D        | Learned a level 3 spell: Dazzling Spray
   160 | D        | Noticed Sonja
   165 | D        | Killed Sonja
   165 | D        | Reached * piety under Dithmenos
   165 | D        | Reached skill level 15 in Stealth
   165 | D        | Reached XP level 8. HP: 32/36 MP: 18/24
   182 | D        | Found Pouhu's Distillery.
   202 | D        | Noticed a deep troll
   206 | D        | Killed a deep troll
   218 | D        | Found Hahiy's Armour Emporium.
   240 | D        | Noticed a centaur warrior
   240 | D        | Noticed a centaur warrior
   242 | D        | Killed a centaur warrior
   242 | D        | Reached skill level 16 in Stealth
   242 | D        | Reached skill level 15 in Hexes
   242 | D        | Reached XP level 9. HP: 39/39 MP: 23/27
   245 | D        | Killed a centaur warrior
   245 | D        | Reached ** piety under Dithmenos
   245 | D        | Reached skill level 17 in Stealth
   403 | D        | Noticed a wasp
   408 | D        | Killed a wasp
   418 | D        | Noticed an oklob plant
   420 | D        | Killed an oklob plant
   427 | D        | Noticed a trapdoor spider
   427 | D        | Noticed a trapdoor spider
   428 | D        | Noticed a trapdoor spider
   433 | D        | Noticed a trapdoor spider
   433 | D        | Demolished by a trapdoor spider

Action                   |  1- 3 |  4- 6 |  7- 9 || total
-------------------------+-------+-------+-------++-------
Melee: Dagger            |     6 |     6 |     8 ||    20
 Cast: Ensorcelled Hiber |       |     1 |    10 ||    11
       Confuse           |       |       |     1 ||     1
 Stab: Sleeping          |     2 |     4 |     7 ||    13
